 Dungeon Crawl Stone Soup version 0.23.2-33-g5129a83184 (webtiles) character file.

Game seed: 16106484924948363152

770 Acheron the Poker (level 7, -2/57 HPs)
             Began as a Demigod Wanderer on July 12, 2019.
             Slain by a wyvern skeleton (11 damage)
             ... on level 6 of the Dungeon.
             The game lasted 00:22:23 (5072 turns).

Acheron the Poker (Demigod Wanderer)                Turns: 5072, Time: 00:22:24

Health: -2/57      AC:  6    Str: 15    XL:     7   Next: 27%
Magic:  12/12      EV: 12    Int: 18    God:
Gold:   230        SH:  0    Dex: 17    Spells: 9/9 levels left

rFire    . . .     SeeInvis .   r - +5 spear
rCold    . . .     Gourm    .   (no shield)
rNeg     . . .     Faith    .   s - +1 ring mail
rPois    .         Spirit   .   (no helmet)
rElec    .         Reflect  .   (no cloak)
rCorr    .         Harm     .   (no gloves)
MR       .....                  (no boots)
Stlth    ++........             (no amulet)
HPRegen  0.19/turn              (no ring)
MPRegen  0.13/turn              (no ring)

@: flying, hasted, very quick
A: high mp 1
a: no special abilities


You were on level 6 of the Dungeon.
You were not hungry.

You visited 1 branch of the dungeon, and saw 6 of its levels.

You collected 230 gold pieces.

Inventory:

Hand Weapons
 b - a +0 hand axe
 i - a +2 dagger of draining
 j - a +1 dagger of venom
 m - a +0 short sword
 r - a +5 spear (weapon)
 y - a +3 flail
 z - a +0 war axe
Missiles
 o - 37 stones (quivered)
 t - 13 poisoned needles
Armour
 s - a +1 ring mail (worn)
Jewellery
 h - a +1 ring of protection {unknown}
 n - a cursed ring of teleportation {unknown}
 w - an uncursed ring of resist corrosion {unknown}
Wands
 c - a wand of random effects (15)
 k - a wand of scattershot (7)
 v - a wand of acid (2)
Scrolls
 a - 2 scrolls of fog
 e - a scroll of magic mapping
 A - a scroll of remove curse
Potions
 d - a potion of lignification {unknown}
 g - 4 potions of mutation {unknown}
 l - 4 potions of flight
 p - a potion of ambrosia {unknown}
 q - a potion of haste
 u - 2 potions of curing {unknown}
 x - a potion of degeneration {unknown}
Comestibles
 f - 8 rations


   Skills:
 * Level 3.0 Fighting
 + Level 3.1 Maces & Flails
 * Level 3.4 Polearms
   Level 1.7 Crossbows
 * Level 1.6 Throwing
 + Level 2.9 Armour
 * Level 2.4 Dodging
 * Level 2.3 Stealth
 * Level 1.6 Spellcasting
 * Level 2.7 Evocations


You had 9 spell levels left.
You didn't know any spells.
Your spell library was empty.

Dungeon Overview and Level Annotations

Branches:
Dungeon (6/15)             Temple (0/1) D:5

Annotations:
D:3 3 runed translucent doors, Asagix's ghost, weakling DsAK
D:4 exclusion: downstairs


Innate Abilities, Weirdness & Mutations

You have an increased reservoir of magic. (+10% MP)


Message History

It was a potion of flight.
You feel very buoyant.
You fly up into the air.
The hound zombie closely misses you. The wyvern skeleton closely misses you.
You barely miss the hound zombie. The hound zombie closely misses you.
The wyvern skeleton closely misses you.
The hound zombie bites you but does no damage.
You hit the hound zombie.
The hound zombie is lightly damaged.
The wyvern skeleton bites you.
* * * LOW HITPOINT WARNING * * *
The hound zombie barely misses you.
You puncture the wyvern skeleton!
The wyvern skeleton is moderately damaged.
The wyvern skeleton bites you.
* * * LOW HITPOINT WARNING * * *
The hound zombie closely misses you.
It was a potion of haste.
You feel yourself speed up. The wyvern skeleton bites you!
You die...

......##....#........#
s.....##....#........#
........#####........)
#..####c# #.......P.
..##(# #.......P.
#.##.# #......... #
#.##.# #........#
#.)#Z##.#######...####
#....@Z...............
....)##.##.§.§.§!...
.... .#.# #.##§§§§§..#
#### # ..##.§§§§§
.#####§§§§ .. §§ §. ..
. ...


You could see a hound zombie and a wyvern skeleton.

Vanquished Creatures
  An ice beast (D:5)
  A centaur (D:6)
  A scorpion (D:5)
  A howler monkey (D:4)
  2 crimson imps (D:5)
  A hound (D:5)
  A centaur skeleton (D:4)
  A bullfrog skeleton (D:4)
  2 orc priests
  2 orc wizards
  2 worker ants
  2 hound zombies (D:6)
  A hound skeleton (D:5)
  Robin (D:4)
  4 adders
  3 river rats (D:5)
  An adder skeleton (D:4)
  A worm (D:3)
  A dart slug (D:1)
  3 leopard geckos
  10 orcs
  3 giant cockroaches
  8 goblins
  4 hobgoblins
  4 jackals
  6 kobolds
  A quokka (D:4)
  A ball python (D:5)
  3 bats (D:1)
  A frilled lizard (D:1)
  A jackal skeleton (D:4)
  A quokka zombie (D:6)
  2 rats
  3 plants (D:5)
80 creatures vanquished.

Vanquished Creatures (others)
  A plant (D:5)
1 creature vanquished.

Grand Total: 81 creatures vanquished

Notes
Turn   | Place    | Note
-------+----------+-------------------------------------------
     0 | D:1      | Acheron the Demigod Wanderer began the quest for the Orb.
     0 | D:1      | Acheron set off with the following items: a +2 mace, a +0
                  | hand axe, a wand of random effects (15), a +0 robe, a
                  | ration
     0 | D:1      | Reached XP level 1. HP: 16/16 MP: 4/4
   508 | D:1      | Found a shimmering altar of Xom.
   714 | D:1      | Reached XP level 2. HP: 22/23 MP: 5/5
  1213 | D:3      | Reached skill level 1 in Dodging
  1599 | D:5      | Entered Level 5 of the Dungeon
  1763 | D:3      | Found a runed translucent gate.
  1791 | D:4      | Reached skill level 1 in Stealth
  1791 | D:4      | Reached XP level 3. HP: 8/29 MP: 6/6
  2295 | D:4      | Noticed Robin
  2304 | D:4      | Reached XP level 4. HP: 29/36 MP: 7/7
  2340 | D:4      | Killed Robin
  2597 | D:5      | Reached skill level 1 in Polearms
  2624 | D:5      | Found a staircase to the Ecumenical Temple.
  2626 | D:5      | Noticed an ice beast
  2638 | D:5      | Killed an ice beast
  2638 | D:5      | Reached XP level 5. HP: 38/42 MP: 9/9
  2773 | D:5      | Reached skill level 1 in Throwing
  2783 | D:5      | Reached skill level 1 in Spellcasting
  2808 | D:5      | Reached XP level 6. HP: 13/50 MP: 10/10
  3346 | D:5      | Found an opulent altar of Gozag.
  3912 | D:3      | Noticed Asagix's ghost (weakling DsAK)
  3913 | D:3      | Found a runed translucent gate.
  3913 | D:3      | Found a runed translucent gate.
  3913 | D:3      | Identified the +6 dagger of Emirrasy {pierce, +Blink rC+}
  3916 | D:3      | Found a roughly hewn altar of Beogh.
  4583 | D:4      | Reached XP level 7. HP: 56/56 MP: 12/12
  4687 | D:4      | Found a burning altar of Makhleb.
  5072 | D:6      | Slain by a wyvern skeleton

Skill      XL: |  1  2  3  4  5  6  7 |
---------------+----------------------+-----
Maces & Flails | 3 |  3.1
Dodging        | 1 2 |  2.4
Armour         | 2 |  2.9
Stealth        | 1 2 |  2.3
Fighting       | 2 3 |  3.0
Polearms       | 1 2 3 |  3.4
Evocations     | 2 |  2.7
Throwing       | 1 |  1.6
Spellcasting   | 1 |  1.6
Crossbows      | |  1.7

Action                   |  1- 3 |  4- 6 |  7- 9 || total
-------------------------+-------+-------+-------++-------
Melee: Mace              |    56 |       |       ||    56
       Spear             |    14 |   297 |    46 ||   357
  Use: Scroll            |     5 |     1 |     2 ||     8
       Potion            |       |       |     2 ||     2
 Stab: Sleeping          |     1 |       |     1 ||     2
  Eat: Chunk             |     2 |     3 |       ||     5
       Ration            |     1 |     1 |     1 ||     3
Armor: Robe              |     4 |       |       ||     4
       Leather armour    |     8 |       |       ||     8
       Ring mail         |     3 |    65 |    11 ||    79
Dodge: Dodged            |    47 |   111 |    29 ||   187
